AoeStats
← Misifu

Arena

510123224Analyzed
4v4 RM · 1d ago on Sep 29, 2026· 35m 40s· 8 players
Game mode
Random Map
Map size
Large (8 player)
Population
200
Speed
Normal
Resources
Standard
Victory
Conquest
Starting age
Dark Age
Ending age
Imperial Age
RankedLock teamsTeams togetherTeam positionsShared explorationLock speedFull tech treeHidden civsTurbo modeCheats
Victory
Defeat
🇨🇳 Mongols · China
725
+12
🇵🇪 Turks · Peru
700
+13
🇲🇽 Tatars · Mexico
683
+14
🇯🇵 Persians · Japan
584
+18
🇧🇷 Franks · Brazil
708
-17
🇨🇭 Teutons · Switzerland
639
-14
🇹🇷 Wu · Türkiye
632
-14
🇧🇷 Persians · Brazil
577
-12
lula2026
9:53 Loom
11:57 Feudal Age
16:45 Castle Age
16:00 Horse Collar
16:59 Loom
17:26 Town Watch
21:30 Heavy Plow
21:45 Double-Bit Axe
21:58 Stone Mining
24:12 Wheelbarrow
28:56 Hand Cart
29:13 Town Patrol
30:08 Bow Saw
31:00 Kamandaran
33:48 Imperial Age
32:13 Heated Shot
32:44 Ballistics
32:35 Masonry
32:21 Murder Holes
34:53 Crop Rotation
35:26 Two-Man Saw
36:20 Chemistry
birtanonline
0:31 Loom
13:30 Feudal Age
14:04 Double-Bit Axe
14:10 Town Watch
14:36 Stone Mining
15:46 Wheelbarrow
15:11 Horse Collar
15:37 Gold Mining
16:21 Arson
15:57 Man-at-Arms
19:14 Scale Mail Armor
23:36 Castle Age
22:40 Fletching
23:42 Forging
24:10 Padded Archer Armor
24:33 Bow Saw
25:02 Heavy Plow
25:26 Squires
26:39 Hand Cart
27:44 Stone Shaft Mining
29:27 Gold Shaft Mining
tarepo
9:17 Loom
11:45 Feudal Age
16:36 Castle Age
14:30 Double-Bit Axe
14:28 Horse Collar
15:35 Gold Mining
16:22 Stone Mining
18:22 Wheelbarrow
18:06 Bow Saw
20:44 Hand Cart
22:07 Stone Shaft Mining
22:00 Squires
22:26 Pikeman
23:18 Town Watch
24:58 Scale Mail Armor
25:12 Forging
29:55 Bloodlines
30:26 Chain Mail Armor
30:52 Scale Barding Armor
31:23 Iron Casting
33:16 Chain Barding Armor
37:18 Imperial Age
Zhukov
0:48 Loom
17:03 Feudal Age
18:24 Double-Bit Axe
20:54 Castle Age
24:32 Bow Saw
24:37 Caravan
26:26 Wheelbarrow
25:37 Town Watch
29:29 Coinage
31:49 Hand Cart
31:34 Town Patrol
36:56 Imperial Age
✪KillerMx✪
10:31 Feudal Age
12:45 Wheelbarrow
17:07 Castle Age
15:58 Scale Barding Armor
16:38 Double-Bit Axe
19:28 Bow Saw
20:37 Horse Collar
22:49 Heavy Plow
31:30 Gold Mining
31:31 Stone Mining
34:07 Hand Cart
34:34 Gold Shaft Mining
34:17 Bloodlines
34:08 Husbandry
33:57 Arson
34:13 Squires
33:35 Pikeman
34:33 Forging
34:27 Scale Mail Armor
34:53 Chain Barding Armor
37:26 Imperial Age
Misifu
0:28 Loom
15:15 Feudal Age
18:47 Castle Age
16:47 Double-Bit Axe
22:31 Stone Mining
28:17 Imperial Age
26:56 Fortified Wall
31:47 Gold Mining
32:50 Wheelbarrow
34:17 Conscription
33:53 Fletching
34:05 Padded Archer Armor
34:28 Ballistics
34:23 Treadmill Crane
sada613
11:21 Feudal Age
11:45 Double-Bit Axe
11:52 Gold Mining
11:57 Horse Collar
14:44 Wheelbarrow
14:56 Stone Mining
19:35 Castle Age
18:23 Loom
19:13 Town Watch
19:42 Forging
19:37 Scale Barding Armor
19:22 Fletching
20:08 Scale Barding Armor
22:27 Bow Saw
23:41 Heavy Plow
28:04 Hand Cart
27:49 Town Patrol
30:24 Imperial Age
29:13 Stone Shaft Mining
29:16 Gold Shaft Mining
31:24 Citadels
31:35 Conscription
32:34 Masonry
32:20 Murder Holes
33:01 Iron Casting
32:47 Chain Barding Armor
32:30 Caravan
34:44 Two-Man Saw
34:55 Hand Cart
34:40 Town Patrol
35:41 Crop Rotation
36:14 Blast Furnace
35:34 Chain Barding Armor
36:00 Town Patrol
36:39 Architecture
36:06 Bodkin Arrow
36:14 Scale Mail Armor
36:35 Chain Barding Armor
鹿头
9:43 Feudal Age
10:47 Double-Bit Axe
13:17 Loom
15:41 Castle Age
17:34 Bow Saw
18:55 Loom
21:20 Stone Mining
25:18 Wheelbarrow
28:00 Hand Cart
27:53 Horse Collar
28:51 Stone Shaft Mining
28:06 Gold Mining
32:43 Imperial Age
30:46 Heavy Plow
31:00 Padded Archer Armor
30:50 Fletching
32:22 Leather Archer Armor
33:28 Husbandry
33:38 Bloodlines
33:46 Bodkin Arrow
34:54 Parthian Tactics
33:49 Heavy Cavalry Archer
34:38 Thumb Ring
35:55 Gold Shaft Mining
37:20 Chemistry
Connection lost

Rejoining the realm…

Still unreachable

The connection could not be restored.

Session expired

The server has moved on; the page needs a fresh start.